 Dungeon Crawl Stone Soup version 0.29-a0-632-g781b4ac09e (webtiles) character file.

Game seed: 701546702687601338

11578 PentaManta the Marksspriggan (level 11, -10/49 HPs)
             Began as a Spriggan Hunter on June 18, 2022.
             Was a Priest of Nemelex Xobeh.
             Killed from afar by an efreet (21 damage)
             ... with a bolt of fire
             ... on level 9 of the Dungeon.
             The game lasted 00:35:49 (15094 turns).

PentaManta the Marksspriggan (Spriggan Hunter)     Turns: 15094, Time: 00:35:50

Health: -10/49     AC:  7    Str: 13    XL:     11   Next: 51%
Magic:  0/12       EV: 35    Int:  5    God:    Nemelex Xobeh [***...]
Gold:   1384       SH:  0    Dex: 29    Spells: 10/10 levels left

rFire   . . .      SeeInvis +   a - +3 shortbow
rCold   . . .      Faith    .   (shield currently unavailable)
rNeg    . . .      Spirit   +   P - +0 acid dragon scales
rPois   .          Reflect  .   (helmet restricted)
rElec   .          Harm     .   j - +0 cloak of Limited Liability {+Inv rCorr Str+6 Int-4}
rCorr   +          Rampage  .   (gloves unavailable)
Will    +....                   (boots unavailable)
Stlth   ++........              C - amulet of guardian spirit
HPRegen 0.16/turn               h - ring of resist corrosion
MPRegen 0.13/turn               D - +6 ring of dexterity

@: very quick
A: very small, no large weapons, unfitting armour, see invisible, speed 3,
talons 1, dopey 1, MP-powered wands
a: Renounce Religion, Evoke Invisibility, Draw Escape, Draw Destruction, Draw
Summoning, Triple Draw


You were on level 9 of the Dungeon.
You worshipped Nemelex Xobeh.
Nemelex Xobeh was most pleased with you.
You visited 2 branches of the dungeon, and saw 11 of its levels.
You visited the Abyss 2 times.
You also visited: Bailey.

You collected 1384 gold pieces.

Inventory:

Hand Weapons
 a - a +3 shortbow (weapon)
 l - the +3 rapier "Killer Klown's Regret" {vorpal, rN+ rCorr}
   (You took it off a goblin on level 8 of the Dungeon)

   It inflicts extra damage upon your enemies.
   rN:        It protects you from negative energy.
   rCorr:     It protects you from acid and corrosion.
 m - a +0 short sword of electrocution
Missiles
 k - a curare-tipped dart
 x - 41 poisoned darts
 E - 11 throwing nets
 O - 3 datura-tipped darts
Armour
 f - a scarf of resistance
 j - the +0 cloak of Limited Liability (worn) {+Inv rCorr Str+6 Int-4}
   (You acquired it on level 8 of the Dungeon)

   Str:       It affects your strength (+6).
   Int:       It affects your intelligence (-4).
   +Inv:      It lets you turn invisible.
   rCorr:     It protects you from acid and corrosion.
 M - a +0 robe of fire resistance
 P - +0 acid dragon scales (worn)
Magical Staves
 B - a staff of death
Jewellery
 h - a ring of resist corrosion (left hand)
 n - a +6 ring of strength
 t - a ring of ice
 A - a ring of fire
 C - an amulet of guardian spirit (around neck)
 D - a +6 ring of dexterity (right hand)
 J - a ring of wizardry
 K - the macabre finger necklace {rN+}
   (You found it on level 8 of the Dungeon)

   [amulet of nothing]

   It enables you to equip an extra ring.
   rN:        It protects you from negative energy.
 N - a +6 ring of intelligence
 Q - a ring of poison resistance
Wands
 s - a wand of digging (18)
 w - a wand of mindburst (4)
 y - a wand of iceblast (3)
Scrolls
 b - 2 scrolls of magic mapping
 c - 2 scrolls of immolation
 d - 3 scrolls of vulnerability
 i - 6 scrolls of teleportation
 o - a scroll of fear
 q - a scroll of enchant armour
 r - 2 scrolls of blinking
 u - a scroll of fog
 F - a scroll of amnesia
Potions
 e - 2 potions of mutation
 g - a potion of attraction
 p - 3 potions of curing
 v - 3 potions of heal wounds
 z - a potion of resistance
 G - a potion of cancellation
 H - 2 potions of brilliance
 I - 2 potions of flight
 L - a potion of invisibility


   Skills:
 - Level 1.5 Fighting
 - Level 17.0 Bows
 + Level 15.5 Dodging
 - Level 1.5 Stealth


You had 10 spell levels left.
You didn't know any spells.
Your spell library contained the following spells:

 Spells                   Type           Power      Damage    Failure   Level
 Apportation              Tloc           0%         N/A       61%         1
 Foxfire                  Conj/Fire      0%         2x1d4     61%         1
 Necrotize                Necr           0%         1d4       61%         1
 Shock                    Conj/Air       0%         1d3       61%         1
 Sting                    Tmut/Pois      0%         1d3       61%         1
 Blink                    Tloc           0%         N/A       75%         2
 Poisonous Vapours        Pois/Air       0%         N/A       75%         2
 Gell's Gravitas          Tloc           0%         N/A       93%         3
 Teleport Other           Tloc           0%         N/A       93%         3
 Vampiric Draining        Necr           0%         2d6       93%         3
 Olgreb's Toxic Radiance  Pois           0%         N/A       100%        4
 Agony                    Necr           0%         N/A       100%        5
 Fireball                 Conj/Fire      0%         3d3       100%        5
 Iskenderun's Battlesphe  Conj           0%         2d6       100%        5
 Manifold Assault         Tloc           0%         N/A       100%        5
 Conjure Ball Lightning   Conj/Air       0%         3x3d6     100%        6
 Dispersal                Tloc           0%         N/A       100%        6
 Orb of Destruction       Conj           0%         9d5       100%        7
 Storm Form               Tmut/Air       0%         N/A       100%        7


Dungeon Overview and Level Annotations

Branches:
Dungeon (10/15)            Temple (1/1) D:6          Bailey (visited)
   Lair: D:8-11         Orc: D:9-12

Altars:
Ashenzari
Cheibriados
Dithmenos
Elyvilon
Fedhas
Gozag
Hepliaklqana
Kikubaaqudgha
Makhleb
Nemelex Xobeh
Okawaru
Qazlal
Ru
Sif Muna
Trog
Uskayaw
Vehumet
Wu Jian
Xom
Yredelemnul
Zin
The Shining One
Beogh

Annotations:
D:5 1 runed translucent door, Longtemps's ghost, novice OpEE


Innate Abilities, Weirdness & Mutations

You are very small and have problems with some larger weapons.
You are too small for most types of armour.
You have supernaturally acute eyesight. (SInv)
You cover ground extremely quickly. (Speed+++)
You have sharp toenails.
You are dopey. (Int -2)
You expend magic power (3 MP) to strengthen your wands.


Message History

The orc knight is moderately wounded.
There is a stone staircase leading up here.
You shoot an arrow.
The arrow closely misses the orc knight.
You shoot an arrow. The arrow hits the orc knight!!
The orc knight is severely wounded.
You shoot an arrow. The arrow hits the orc knight!!
The orc knight is almost dead.
You shoot an arrow. The arrow hits the orc knight!
You kill the orc knight!
No target in view!
Things that are here:
a +0 great mace; a +0 chain mail; an orc corpse
There is a stone staircase leading up here.
There is an open door here.
There is a stone staircase leading down here.
You climb downwards.
The efreet gestures at you.
The fireball explodes!
The fireball engulfs you!!
Ouch! That really hurt!
The fireball engulfs the efreet.
The efreet completely resists.
You hear a shout!
You hear an angry hiss.
You hear a shout!
You hear a howl!
You hear an angry buzzing noise.
You hear a shout! x2
There is a stone staircase leading up, spattered with blood here.
The efreet completely misses you.
You climb upwards.
There is a stone staircase leading down here.
Unknown command.
Press: ? - help, v - describe, . - travel
Here: an efreet, wielding a +2 scimitar of flaming and wearing a +0 robe The floor.
Unknown command.
The efreet gestures at you.
The fireball explodes!
The fireball engulfs you!
* * * LOW HITPOINT WARNING * * *
Unknown command.
The efreet gestures at you. The bolt of fire hits you!!
You die...
Your body glows slightly and disappears.

..#.####......[[.............#...
..#)# ###...##)#########....#...
..#.# #...#.[........#....'...
..#.# #...#.>[.......#....#...
..#.# #...#..!.......#....#...
..#.# #...#..........#...)#...
..#.# #...#..........#....#...
..#.# #...'.......R..#.)..#...
..#.# ###.<.###@##...°○#...)#(..
..#.####.[........#.....#...)###'
..#...............#######........
..######.........................
.......#..........##########.....
.......#.#######..#........#.....
..######.#.....#..#........#.....
..#......#.....#..#........#..###
..#......'.....#..###'######..#..


You could see an efreet.

Vanquished Creatures
  A two-headed ogre (D:9)
  A boulder beetle (D:10)
  An orc knight (D:9)
  An unseen horror (D:9)
  A troll (D:9)
  A blink frog (D:9)
  2 slime creatures (D:9)
  2 wyverns
  9 yaks
  A vampire (D:9)
  2 wraiths
  Grum (D:9)
  A chaos spawn (Abyss:3)
  A ynoxinul (Abyss:3)
  A golden eye (shapeshifter) (D:10)
  2 steam dragons
  A vampire mosquito (D:9)
  A small abomination (Abyss:3)
  2 acid dragons
  3 orc warriors
  4 water moccasins
  2 ice beasts
  An ogre (D:5)
  8 wolves
  4 centaurs
  A kobold brigand (D:10)
  2 necrophages
  2 bullfrogs
  10 gnoll sergeants
  2 scorpions
  10 wights
  11 killer bees
  An electric eel (D:7)
  4 howler monkeys (D:9)
  A crimson imp (D:10)
  2 jellies
  8 gnoll shamans
  Crazy Yiuf (D:2)
  13 orc priests
  4 hounds
  4 iguanas
  Natasha (thrice) (D:4)
  10 orc wizards
  31 gnolls
  5 adders
  A shadow imp (D:7)
  3 white imps
  An ufetubus (D:6)
  2 worms
  36 orcs
  7 ball pythons
  3 endoplasms
  2 giant cockroaches
  14 goblins
  11 hobgoblins
  2 quokkas
  6 bats
  3 frilled lizards (D:1)
  12 kobolds
  8 rats
290 creatures vanquished.

Vanquished Creatures (others)
  2 withered plants (D:5)
2 creatures vanquished.

Grand Total: 292 creatures vanquished

Notes
Turn   | Place    | Note
-------+----------+-------------------------------------------
     0 | D:1      | PentaManta the Spriggan Hunter began the quest for the Orb.
     0 | D:1      | Reached XP level 1. HP: 10/10 MP: 2/2
   140 | D:1      | Got First Steps in Theurgy
   231 | D:1      | Reached skill level 5 in Bows
   304 | D:1      | Found a faded altar of an unknown god.
   420 | D:1      | Reached XP level 2. HP: 12/14 MP: 3/3
   724 | D:1      | Reached skill level 6 in Bows
   758 | D:1      | Reached XP level 3. HP: 18/18 MP: 4/4
  1315 | D:2      | Found a runed translucent door.
  1316 | D:2      | Noticed Crazy Yiuf
  1856 | D:2      | Killed Crazy Yiuf
  1857 | D:2      | Reached skill level 7 in Bows
  1857 | D:2      | Reached XP level 4. HP: 22/22 MP: 5/5
  2662 | D:4      | Reached XP level 5. HP: 25/25 MP: 6/6
  2671 | D:4      | Reached skill level 8 in Bows
  2990 | D:4      | Noticed Natasha
  2999 | D:4      | Killed Natasha
  3135 | D:4      | Reached XP level 6. HP: 17/30 MP: 7/7
  3312 | D:4      | Noticed Natasha
  3325 | D:4      | Killed Natasha
  3326 | D:4      | Reached skill level 9 in Bows
  3415 | D:4      | Noticed Natasha
  3428 | D:4      | Killed Natasha
  3960 | D:5      | Entered Level 5 of the Dungeon
  4086 | D:5      | Noticed Longtemps's ghost (novice OpEE)
  4087 | D:5      | Found a runed translucent door.
  4113 | D:5      | Noticed an orc warrior
  4119 | D:5      | Killed an orc warrior
  4120 | D:5      | Reached skill level 10 in Bows
  4120 | D:5      | Reached XP level 7. HP: 33/33 MP: 8/8
  4355 | D:5      | Reached skill level 11 in Bows
  4426 | D:5      | Gained mutation: You expend magic power (3 MP) to
                  | strengthen your wands. [potion of mutation]
  4426 | D:5      | Gained mutation: You have sharp toenails. [potion of
                  | mutation]
  4800 | D:5      | Reached skill level 12 in Bows
  4800 | D:5      | Reached XP level 8. HP: 13/37 MP: 9/9
  5748 | D:6      | Found a glowing silver altar of Zin.
  6237 | D:6      | Reached skill level 13 in Bows
  7009 | D:7      | Reached skill level 14 in Bows
  7078 | D:6      | Found a staircase to the Ecumenical Temple.
  7084 | Temple   | Entered the Ecumenical Temple
  7562 | Temple   | Became a worshipper of Nemelex Xobeh the Trickster
  7647 | D:7      | Reached XP level 9. HP: 37/41 MP: 10/10
  7706 | D:6      | HP: 2/41 [killer bee (5)]
  7954 | D:6      | Reached skill level 15 in Bows
  9197 | D:8      | Reached skill level 5 in Dodging
  9205 | D:8      | Identified 2 scrolls of acquirement
  9215 | D:8      | Acquired a scarf of resistance
  9217 | D:8      | Acquired the +0 cloak of Limited Liability {+Inv rCorr
                  | Str+6 Int-4}
  9417 | D:8      | Identified the +3 rapier "Killer Klown's Regret" {vorpal,
                  | rN+ rCorr}
  9465 | D:8      | Found a flagged portal.
  9483 | Bailey   | Entered a bailey
  9818 | Bailey   | Reached skill level 16 in Bows
 10090 | Bailey   | Reached XP level 10. HP: 36/46 MP: 7/11
 11036 | D:8      | Reached * piety under Nemelex Xobeh
 11367 | D:8      | Found the macabre finger necklace {rN+}
 11410 | D:8      | Reached skill level 10 in Dodging
 11465 | D:8      | Received a gift from Nemelex Xobeh
 12177 | D:9      | Reached skill level 17 in Bows
 12510 | D:9      | Reached ** piety under Nemelex Xobeh
 12587 | D:10     | Entered Level 10 of the Dungeon
 12663 | D:10     | Noticed a wizard
 12680 | D:10     | Cast into level 2 of the Abyss (a wizard)
 12717 | Abyss:2  | Noticed a starcursed mass
 12717 | Abyss:2  | Noticed a thrashing horror
 12718 | Abyss:2  | Noticed a cyan very ugly thing
 12718 | Abyss:2  | Noticed a cyan very ugly thing
 12718 | Abyss:2  | Noticed a cyan very ugly thing
 12718 | Abyss:2  | Noticed a cyan ugly thing
 12787 | Abyss:2  | Noticed a worldbinder
 12800 | Abyss:2  | Noticed a will-o-the-wisp
 12808 | Abyss:2  | Noticed a large abomination
 12811 | D:10     | Escaped the Abyss
 12849 | D:10     | Noticed a two-headed ogre
 12928 | D:9      | Killed a two-headed ogre
 12929 | D:9      | Reached XP level 11. HP: 23/49 MP: 2/12
 13107 | D:10     | Noticed Grum
 13114 | D:10     | Noticed a centaur warrior
 13117 | D:10     | Noticed a purple ugly thing
 13118 | D:10     | Identified the +11 quarterstaff "Geuge" {vorpal, Int+3}
 13118 | D:10     | Noticed an ogre mage
 13133 | D:10     | Noticed an orc knight
 13309 | D:10     | Cast into level 3 of the Abyss (a wizard)
 13310 | Abyss:3  | Received a gift from Nemelex Xobeh
 13339 | Abyss:3  | Noticed a sixfirhy
 13354 | Abyss:3  | Noticed a purple very ugly thing
 13356 | Abyss:3  | Noticed a thrashing horror
 13362 | Abyss:3  | Noticed a starcursed mass
 13368 | Abyss:3  | Noticed a spatial maelstrom
 13494 | Abyss:3  | Gained mutation: You are dopey. (Int -2) [a neqoxec]
 13577 | Abyss:3  | Noticed a starcursed mass
 13578 | Abyss:3  | Reached *** piety under Nemelex Xobeh
 13578 | Abyss:3  | Received a gift from Nemelex Xobeh
 13614 | Abyss:3  | Noticed a starcursed mass
 13618 | Abyss:3  | Noticed a thrashing horror
 13630 | Abyss:3  | Found a corrupted altar of Lugonu.
 13637 | Abyss:3  | Found a corrupted altar of Lugonu.
 13701 | Abyss:3  | Noticed a sixfirhy
 13744 | Abyss:3  | Noticed a mana viper
 13761 | Abyss:3  | Noticed a starcursed mass
 13824 | Abyss:3  | Noticed a purple very ugly thing
 13828 | D:10     | Escaped the Abyss
 14214 | D:10     | Noticed a boulder beetle
 14315 | D:9      | Noticed a two-headed ogre
 14315 | D:9      | Noticed an orb spider
 14315 | D:9      | a two-headed ogre changed into an orb spider
 14773 | D:9      | Killed Grum
 15039 | D:10     | Killed a boulder beetle
 15040 | D:10     | Reached skill level 15 in Dodging
 15068 | D:9      | Killed an orc knight
 15094 | D:9      | Killed from afar by an efreet

Illustrated notes

Levels and vault maps discovered:
D:1:      heliophobic_arrival_enchanted_forest, layout_loops_corners,
          shapermc_ecumenical_altar_gd, minmay_misc_feat_nine_boxes
D:2:      cheibrodos_greedy_goblins, layout_loops_ring,
          kennysheep_generic_room_11, uniq_crazy_yiuf_cottage
D:3:      layout_rooms, kennysheep_big_empty_room, dreamdust_wishing_well
D:4:      layout_rooms, columned_hall_lemuel, uniq_natasha
D:5:      layout_basic, gammafunk_ghost_grave
D:6:      layout_basic, zin_statuary, minmay_temple_entry_from_below_a
D:7:      layout_cave_pods, serial_park, serial_park_gazebo
          [serial_park_minivault_5x5_7], serial_park_paths
          [serial_park_minivault_5x5_2], serial_park_square3
          [serial_park_minivault_5x5_1]
D:8:      layout_loops_ring, lightli_bailey_entry_fortress,
          david_defended_altar_orc
D:9:      layout_irregular_city
D:10:     minmay_the_grid_square_5x5_4x4 [minmay_the_grid_square_5x5_trominoes,
          minmay_the_grid_square_5x5_doubleslash,
          minmay_the_grid_square_5x5_three_small, minmay_the_grid_square_5x5_z,
          minmay_the_grid_square_5x5_lines,
          minmay_the_grid_square_5x5_prize_gold,
          minmay_the_grid_square_5x5_prize_deathbox,
          minmay_the_grid_square_5x5_minibox, minmay_the_grid_square_5x5_fat_x,
          minmay_the_grid_square_5x5_prize_junk,
          minmay_the_grid_square_5x5_prize_pseudospiral,
          minmay_the_grid_square_5x5_sharp_hourglass,
          minmay_the_grid_square_5x5_eight_small,
          minmay_the_grid_square_5x5_shrine2,
          minmay_the_grid_square_5x5_inner_v,
          minmay_the_grid_square_5x5_pentomino_r], layout_cross, serial_shops,
          shop, lightli_wizard_tower, uniq_grum
Temple:   compressed_dpeg_triangle_lava_temple

Skill      XL: |  1  2  3  4  5  6  7  8  9 10 11 |
---------------+----------------------------------+-----
Bows           | 5 6 7 8 10 12 14 16 17 | 17.0
Dodging        | 8 12 15 | 15.5
Fighting       | |  1.5
Stealth        | |  1.5

Action                   |  1- 3 |  4- 6 |  7- 9 | 10-12 || total
-------------------------+-------+-------+-------+-------++-------
 Fire: Shortbow          |   105 |   172 |   439 |   512 ||  1228
Throw: Dart              |       |       |     1 |    12 ||    13
Invok: Draw Destruction  |       |       |       |    10 ||    10
       Draw Escape       |       |       |       |     1 ||     1
       Draw Summoning    |       |       |       |     1 ||     1
 Abil: Evoke Invisibilit |       |       |       |     1 ||     1
Evoke: Wand              |       |       |     7 |     7 ||    14
  Use: Potion            |       |       |     6 |     1 ||     7
       Scroll            |       |       |    18 |     5 ||    23
Armor: Robe              |     2 |    12 |     2 |     3 ||    19
       Acid dragon scale |       |       |       |     9 ||     9
Dodge: Dodged            |    27 |    49 |   120 |   316 ||   512

Table legend: (Time is in decaauts)
 A = Elapsed time spent in this place.
 B = Non-inter-level travel time spent in this place.
 C = Inter-level travel time spent in this place.
 D = Time resting spent in this place.
 E = Time spent auto-exploring this place.
 F = Levels seen in this place.
 G = Mean time per level.
                   A        B        C        D        E       F      G
               +--------+--------+--------+--------+--------+-----+--------+
         Total |  11750 |  11412 |    338 |   2419 |   6482 |  14 |  839.3 |
       Dungeon |   9916 |   9593 |    323 |   1977 |   5807 |  10 |  991.6 |
        Temple |    409 |    395 |     14 |      0 |    367 |   1 |  409.0 |
         Abyss |    443 |    443 |      0 |    103 |     17 |   2 |  221.5 |
        Bailey |    981 |    981 |      0 |    339 |    290 |   1 |  981.0 |
               +--------+--------+--------+--------+--------+-----+--------+

Top non-repeatable levels by time:
     D:9: 2041 daAuts
     D:7: 1370 daAuts
     D:6: 1226 daAuts
     D:5: 1139 daAuts
     D:4: 1110 daAuts
     D:8: 1037 daAuts
  Bailey: 981 daAuts
     D:1: 676 daAuts
     D:2: 621 daAuts
     D:3: 466 daAuts
  Temple: 409 daAuts
 Abyss:3: 364 daAuts
    D:10: 226 daAuts
 Abyss:2: 79 daAuts
